 Dungeon Crawl Stone Soup version 0.14-a0-1719-ga7e7698 (webtiles) character file.

664 Tazarant the Chopper (level 7, -7/61 HPs)
             Began as a Hill Orc Berserker on Jan 1, 2014.
             Was an Elder of Trog.
             Mangled by an ogre
             ... wielding a +0,+0 giant club
              (16 damage)
             ... on Level 4 of the Dungeon.
             The game lasted 00:44:48 (3062 turns).

Tazarant the Chopper (Hill Orc Berserker)           Turns: 3062, Time: 00:44:49

HP  -7/61        AC 10     Str 22      XL: 7   Next: 29%
MP   7/7         EV  7     Int  7      God: Trog [****..]
Gold 111         SH  8     Dex 10      Spells:  0 memorised,  6 levels left

rFire  . . .     SeeInvis .     o - -3,-1 orc flail (curse)
rCold  . . .     Clarity  .     c - +1 chain mail
rNeg   . . .     Conserve .     h - +0 buckler
rPois  .         rCorr    .     (no helmet)
rElec  .         rRot     .     (no cloak)
SustAb . .       Spirit   .     (no gloves)
rMut   .         Warding  .     (no boots)
Saprov + . .     Stasis   .     (no amulet)
                                (no ring)
                                (no ring)

@: slightly resistant to hostile enchantments, extremely unstealthy
A: saprovore 1
a: Burn Spellbooks, Berserk, Trog's Hand, Brothers in Arms, Renounce Religion


You were on level 4 of the Dungeon.
You worshipped Trog.
Trog was greatly pleased with you.
You were very hungry.

You visited 1 branch of the dungeon, and saw 4 of its levels.

You collected 111 gold pieces.

Inventory:

Hand weapons
 a - a +0,+0 orcish hand axe
 g - a +1,+3 orcish flail
 i - a -1,+1 orcish dagger
 o - a cursed -3,-1 orcish flail (weapon)
 q - a +0,+2 orcish dagger of flaming
 r - a -1,+0 orcish dagger
 C - a +3,+2 long sword of draining
 J - a -1,+0 orcish dagger
 O - a +2,+4 dagger
Missiles
 j - 30 darts
 l - 50 bolts
 n - 21 stones
 p - 5 tomahawks (quivered)
 u - a javelin of penetration
 L - 24 arrows
 N - 33 sling bullets
Armour
 c - a +1 chain mail (worn)
 h - a +0 buckler (worn)
 s - a +0 orcish chain mail
Comestibles
 b - an apple
 f - a meat ration
Scrolls
 e - 2 scrolls of fog
 m - a scroll of enchant armour {unknown}
 t - a scroll of noise
 w - a scroll of recharging {unknown}
 R - 2 scrolls of blinking
Jewellery
 V - an uncursed amulet of inaccuracy {unknown}
Potions
 d - a potion of flight
 k - a potion of degeneration {unknown}
 v - a potion of berserk rage {unknown}
 A - a potion of cure mutation
 D - a potion of heal wounds {unknown}
 K - a potion of mutation {unknown}
 S - 2 potions of might {unknown}


   Skills:
 * Level 5.0 Fighting
 + Level 0.7 Long Blades
 * Level 5.7 Axes
 + Level 3.5 Throwing
 * Level 4.2 Armour
 + Level 2.5 Dodging
 + Level 0.3 Stealth
 * Level 2.0 Shields


You had 6 spell levels left.
You didn't know any spells.

Dungeon Overview and Level Annotations

Branches:
Dungeon (4/16)
 Temple: D:4-7

Altars:
Trog

Shops:
D:4 :


Innate Abilities, Weirdness & Mutations

You can tolerate rotten meat.


Message History

The ogre hits you with a giant club.
You hit the ogre.
The ogre is moderately wounded.
The ogre barely misses you.
You hit the ogre.
The ogre is moderately wounded.
The ogre hits you but does no damage.
You barely miss the ogre.
The ogre is moderately wounded.
The ogre hits you with a giant club!
* * * LOW HITPOINT WARNING * * *
Unknown command.
Drink which item? (? for menu, Esc to quit)
Okay, then.
Use which ability? (? or * to list) You're too hungry to go berserk.
You thump the ogre!
The ogre is almost dead.
The ogre hits you with a giant club!
You die...

##.########...######.#####
#.........##.##...........
#.........................
#..........)..............
#.........................
#.........................
#..................<......
#........O................
#........@................
#.........................
#....>....................
#..............∩..........
##########################


You could see an ogre.

Vanquished Creatures
  Grinder (D:3)
  An ogre (D:4)
  Sigmund (D:3)
  An orc priest (D:4)
  5 adders
  2 worms (D:3)
  3 giant geckos
  4 orcs
  10 bats
  8 giant cockroaches
  7 goblins
  9 hobgoblins
  2 quokkas (D:3)
  8 giant newts
  7 kobolds
  A kobold skeleton (D:4)
  An orc skeleton (D:4)
  10 rats
81 creatures vanquished.

Notes
Turn   | Place    | Note
--------------------------------------------------------------
     0 | D:1      | Tazarant, the Hill Orc Berserker, began the quest for the Orb.
     0 | D:1      | Reached XP level 1. HP: 19/19 MP: 1/1
   166 | D:1      | Reached XP level 2. HP: 21/27 MP: 2/2
   347 | D:1      | Acquired Trog's second power
   583 | D:1      | Reached XP level 3. HP: 25/33 MP: 3/3
  1063 | D:2      | Reached skill level 1 in Throwing
  1211 | D:2      | Reached XP level 4. HP: 40/40 MP: 4/4
  1822 | D:3      | Noticed Grinder
  1842 | D:3      | Killed Grinder
  1842 | D:3      | Reached skill level 5 in Axes
  1842 | D:3      | Reached skill level 1 in Shields
  1842 | D:3      | Reached XP level 5. HP: 26/47 MP: 5/5
  1842 | D:3      | Reached XP level 6. HP: 29/53 MP: 6/6
  1937 | D:3      | Noticed Sigmund
  1962 | D:3      | Killed Sigmund
  2476 | D:3      | Found a bloodstained altar of Trog.
  2657 | D:3      | Acquired Trog's third power
  2931 | D:4      | Found Qauxon's Book Emporium.
  2965 | D:4      | Reached XP level 7. HP: 59/60 MP: 7/7
  2972 | D:4      | Reached skill level 5 in Fighting
  3062 | D:4      | Mangled by an ogre

Action                   |  1- 3 |  4- 6 |  7- 9 || total
-------------------------+-------+-------+-------++-------
Melee: Hand axe          |    43 |    30 |       ||    73
       Club              |    16 |       |       ||    16
       Long sword        |       |    40 |       ||    40
       Flail             |       |     7 |    20 ||    27
Throw: Stone             |     7 |     4 |       ||    11
       Javelin           |    18 |    16 |       ||    34
       Tomahawk          |    28 |    23 |       ||    51
       Dart              |       |     7 |       ||     7
Invok: Berserk           |     2 |     3 |       ||     5
       Trog's Hand       |       |     1 |       ||     1
  Use: Scroll            |     5 |     7 |       ||    12
       Potion            |       |     2 |       ||     2
